AoeStats
← Pwncakes

African Clearing

506901163Analyzed
3v3 RM · 18d ago on Sep 15, 2026· 48m 36s· 6 players
Game mode
Random Map
Map size
Normal (6 player)
Population
200
Speed
Normal
Resources
Standard
Victory
Conquest
Starting age
Dark Age
Ending age
Imperial Age
RankedLock teamsTeams togetherTeam positionsShared explorationLock speedFull tech treeHidden civsTurbo modeCheats
Victory
Defeat
🇪🇸 Dravidians · Spain
1379
+14
🇦🇷 Mongols · Argentina
1336
+16
🇪🇸 Magyars · Spain
1313
+17
🇺🇸 Magyars · United States
1343
-16
🇪🇸 Mongols · Spain
1332
-16
🇺🇸 Berbers · United States
1321
-15
Pwncakes
12:29 Feudal Age
12:44 Loom
12:57 Double-Bit Axe
15:47 Fishing Lines
19:05 Bloodlines
21:45 Castle Age
20:41 Scale Barding Armor
22:58 Light Cavalry
24:04 Husbandry
24:48 Gillnets
25:40 Fletching
27:37 Bodkin Arrow
30:00 Bow Saw
32:20 Padded Archer Armor
33:38 Ballistics
37:55 Leather Archer Armor
40:51 Wheelbarrow
41:14 Horse Collar
42:34 Chain Barding Armor
46:06 Hand Cart
47:24 Town Watch
IamBritt
11:34 Loom
13:23 Feudal Age
18:02 Castle Age
19:22 Fletching
21:58 Bodkin Arrow
24:09 Horse Collar
26:43 Double-Bit Axe
27:45 Bow Saw
30:06 Wheelbarrow
31:13 Ballistics
31:05 Padded Archer Armor
35:01 Leather Archer Armor
35:26 Bloodlines
37:05 Heavy Plow
37:20 Husbandry
43:26 Imperial Age
44:15 Elite Camel Archer
46:31 Hand Cart
47:40 Bracer
47:55 Gold Mining
49:13 Chemistry
48:48 Ring Archer Armor
48:50 Conscription
Shail
14:58 Feudal Age
16:13 Double-Bit Axe
17:08 Fletching
24:12 Castle Age
22:48 Loom
31:48 Ballistics
34:21 Scale Barding Armor
36:07 Bloodlines
36:56 Padded Archer Armor
39:30 Bodkin Arrow
39:50 Leather Archer Armor
41:59 Chain Barding Armor
ztarug93
6:34 Loom
12:27 Feudal Age
13:14 Double-Bit Axe
13:35 Double-Bit Axe
18:15 Scale Barding Armor
19:00 Fletching
21:37 Horse Collar
31:12 Wheelbarrow
33:50 Castle Age
32:31 Bloodlines
32:20 Gold Mining
33:59 Light Cavalry
34:55 Bow Saw
37:04 Husbandry
40:26 Bodkin Arrow
50:28 Imperial Age
MAIXA
3:08 Loom
14:30 Feudal Age
18:14 Castle Age
16:26 Double-Bit Axe
17:15 Fletching
19:34 Horse Collar
28:37 Wheelbarrow
28:12 Bodkin Arrow
28:22 Town Watch
29:11 Ballistics
29:24 Husbandry
33:19 Padded Archer Armor
34:35 Bow Saw
35:38 Hand Cart
35:25 Heavy Plow
35:17 Gold Mining
35:18 Stone Mining
40:37 Imperial Age
39:05 Thumb Ring
39:18 Leather Archer Armor
41:31 Bracer
42:34 Chemistry
42:28 Conscription
41:34 Elite Elephant Archer
43:58 Two-Man Saw
43:42 Ring Archer Armor
46:21 Scale Mail Armor
48:44 Masonry
Pororoca
4:29 Loom
13:45 Feudal Age
17:53 Castle Age
17:11 Horse Collar
17:24 Gold Mining
18:50 Fletching
27:36 Bodkin Arrow
28:55 Padded Archer Armor
30:42 Ballistics
32:38 Leather Archer Armor
34:24 Stone Mining
35:09 Gold Shaft Mining
35:11 Wheelbarrow
34:22 Town Watch
40:48 Imperial Age
40:07 Stone Shaft Mining
39:49 Hand Cart
40:32 Bloodlines
40:23 Husbandry
41:50 Bracer
42:15 Double-Bit Axe
47:08 Conscription
46:44 Elite Mangudai
Connection lost

Rejoining the realm…

Still unreachable

The connection could not be restored.

Session expired

The server has moved on; the page needs a fresh start.